Workbook

Sheet Assumptions
A1: Volaxi — LBO Model Template
A2: Blue cells on a pale background are inputs. All other cells are formulas.
A3: Entry
A4: Entry EBITDA | B4: 100
A5: Entry multiple (x EV/EBITDA) | B5: 8
A6: Transaction fees (% of EV) | B6: 0.02
A7: Financing fees (% of debt) | B7: 0.02
A8: Debt
A9: Senior debt (x EBITDA) | B9: 3
A10: Mezzanine (x EBITDA) | B10: 1
A11: Senior interest rate | B11: 0.09
A12: Mezzanine interest rate | B12: 0.13
A13: Senior mandatory amortisation (% p.a.) | B13: 0.05
A14: Cash sweep (% of excess cash flow) | B14: 0.75
A15: Operating
A16: Revenue (year 0) | B16: 500
A17: Revenue growth p.a. | B17: 0.06
A18: EBITDA margin | B18: 0.2
A19: Capex (% of revenue) | B19: 0.03
A20: Working capital (% of revenue change) | B20: 0.1
A21: Cash tax rate | B21: 0.25
A22: D&A (% of revenue) | B22: 0.025
A23: Exit
A24: Exit multiple (x EV/EBITDA) | B24: 8
A25: Hold period (years) | B25: 5

Sheet Sources & Uses
A1: Sources & Uses
A3: Uses | B3: Amount
A4: Enterprise value | B4: =Assumptions!$B$4*Assumptions!$B$5 -> 0
A5: Transaction fees | B5: =B4*Assumptions!$B$6 -> 0
A6: Financing fees | B6: =(B10+B11)*Assumptions!$B$7 -> 0
A7: Total uses | B7: =SUM(B4:B6) -> 0
A9: Sources | B9: Amount
A10: Senior debt | B10: =Assumptions!$B$4*Assumptions!$B$9 -> 0
A11: Mezzanine | B11: =Assumptions!$B$4*Assumptions!$B$10 -> 0
A12: Sponsor equity (residual) | B12: =B7-B10-B11 -> 0
A13: Total sources | B13: =SUM(B10:B12) -> 0
A15: Balance check (should be 0) | B15: =B13-B7 -> 0

Sheet Model
A1: Operating & Debt Schedule
A3: Year | B3: 0 | C3: 1 | D3: 2 | E3: 3 | F3: 4 | G3: 5
A4: Revenue | B4: =Assumptions!$B$16 -> 0 | C4: =B4*(1+Assumptions!$B$17) -> 0 | D4: =C4*(1+Assumptions!$B$17) -> 0 | E4: =D4*(1+Assumptions!$B$17) -> 0 | F4: =E4*(1+Assumptions!$B$17) -> 0 | G4: =F4*(1+Assumptions!$B$17) -> 0
A5: EBITDA | B5: =B4*Assumptions!$B$18 -> 0 | C5: =C4*Assumptions!$B$18 -> 0 | D5: =D4*Assumptions!$B$18 -> 0 | E5: =E4*Assumptions!$B$18 -> 0 | F5: =F4*Assumptions!$B$18 -> 0 | G5: =G4*Assumptions!$B$18 -> 0
A6: D&A | B6: =-B4*Assumptions!$B$22 -> 0 | C6: =-C4*Assumptions!$B$22 -> 0 | D6: =-D4*Assumptions!$B$22 -> 0 | E6: =-E4*Assumptions!$B$22 -> 0 | F6: =-F4*Assumptions!$B$22 -> 0 | G6: =-G4*Assumptions!$B$22 -> 0
A7: EBIT | B7: =B5+B6 -> 0 | C7: =C5+C6 -> 0 | D7: =D5+D6 -> 0 | E7: =E5+E6 -> 0 | F7: =F5+F6 -> 0 | G7: =G5+G6 -> 0
A8: Cash interest | C8: =-(B14*Assumptions!$B$11+B18*Assumptions!$B$12) -> 0 | D8: =-(C14*Assumptions!$B$11+C18*Assumptions!$B$12) -> 0 | E8: =-(D14*Assumptions!$B$11+D18*Assumptions!$B$12) -> 0 | F8: =-(E14*Assumptions!$B$11+E18*Assumptions!$B$12) -> 0 | G8: =-(F14*Assumptions!$B$11+F18*Assumptions!$B$12) -> 0
A9: Cash taxes | C9: =-MAX(0,(C7+C8))*Assumptions!$B$21 -> 0 | D9: =-MAX(0,(D7+D8))*Assumptions!$B$21 -> 0 | E9: =-MAX(0,(E7+E8))*Assumptions!$B$21 -> 0 | F9: =-MAX(0,(F7+F8))*Assumptions!$B$21 -> 0 | G9: =-MAX(0,(G7+G8))*Assumptions!$B$21 -> 0
A10: Capex | C10: =-C4*Assumptions!$B$19 -> 0 | D10: =-D4*Assumptions!$B$19 -> 0 | E10: =-E4*Assumptions!$B$19 -> 0 | F10: =-F4*Assumptions!$B$19 -> 0 | G10: =-G4*Assumptions!$B$19 -> 0
A11: Working capital movement | C11: =-(C4-B4)*Assumptions!$B$20 -> 0 | D11: =-(D4-C4)*Assumptions!$B$20 -> 0 | E11: =-(E4-D4)*Assumptions!$B$20 -> 0 | F11: =-(F4-E4)*Assumptions!$B$20 -> 0 | G11: =-(G4-F4)*Assumptions!$B$20 -> 0
A12: Cash flow available for debt service | C12: =C5+C8+C9+C10+C11 -> 0 | D12: =D5+D8+D9+D10+D11 -> 0 | E12: =E5+E8+E9+E10+E11 -> 0 | F12: =F5+F8+F9+F10+F11 -> 0 | G12: =G5+G8+G9+G10+G11 -> 0
A13: Debt schedule
A14: Senior — opening | B14: ='Sources & Uses'!B10 -> 0 | C14: =B15 -> 0 | D14: =C15 -> 0 | E14: =D15 -> 0 | F14: =E15 -> 0 | G14: =F15 -> 0
A15: Senior — mandatory amortisation | C15: =-MIN(C14,Assumptions!$B$4*Assumptions!$B$9*Assumptions!$B$13) -> 0 | D15: =-MIN(D14,Assumptions!$B$4*Assumptions!$B$9*Assumptions!$B$13) -> 0 | E15: =-MIN(E14,Assumptions!$B$4*Assumptions!$B$9*Assumptions!$B$13) -> 0 | F15: =-MIN(F14,Assumptions!$B$4*Assumptions!$B$9*Assumptions!$B$13) -> 0 | G15: =-MIN(G14,Assumptions!$B$4*Assumptions!$B$9*Assumptions!$B$13) -> 0
A16: Senior — cash sweep | C16: =-MIN(C14+C15,MAX(0,(C12+C15)*Assumptions!$B$14)) -> 0 | D16: =-MIN(D14+D15,MAX(0,(D12+D15)*Assumptions!$B$14)) -> 0 | E16: =-MIN(E14+E15,MAX(0,(E12+E15)*Assumptions!$B$14)) -> 0 | F16: =-MIN(F14+F15,MAX(0,(F12+F15)*Assumptions!$B$14)) -> 0 | G16: =-MIN(G14+G15,MAX(0,(G12+G15)*Assumptions!$B$14)) -> 0
A17: Senior — closing | B17: ='Sources & Uses'!B10 -> 0 | C17: =C14+C15+C16 -> 0 | D17: =D14+D15+D16 -> 0 | E17: =E14+E15+E16 -> 0 | F17: =F14+F15+F16 -> 0 | G17: =G14+G15+G16 -> 0
A18: Mezzanine — closing | B18: ='Sources & Uses'!B11 -> 0 | C18: ='Sources & Uses'!B11 -> 0 | D18: ='Sources & Uses'!B11 -> 0 | E18: ='Sources & Uses'!B11 -> 0 | F18: ='Sources & Uses'!B11 -> 0 | G18: ='Sources & Uses'!B11 -> 0
A19: Net debt | B19: =B17+B18 -> 0 | C19: =C17+C18 -> 0 | D19: =D17+D18 -> 0 | E19: =E17+E18 -> 0 | F19: =F17+F18 -> 0 | G19: =G17+G18 -> 0
A20: Leverage (Net debt / EBITDA) | B20: =B19/B5 -> 0 | C20: =C19/C5 -> 0 | D20: =D19/D5 -> 0 | E20: =E19/E5 -> 0 | F20: =F19/F5 -> 0 | G20: =G19/G5 -> 0
A21: Exit & returns
A22: Exit enterprise value | B22: =INDEX(B5:G5,1,Assumptions!$B$25+1)*Assumptions!$B$24 -> 0
A23: Less: net debt at exit | B23: =-INDEX(B19:G19,1,Assumptions!$B$25+1) -> 0
A24: Equity value at exit | B24: =B22+B23 -> 0
A25: Sponsor equity at entry | B25: ='Sources & Uses'!B12 -> 0
A26: Money multiple (x) | B26: =B24/B25 -> 0
A27: IRR | B27: =(B24/B25)^(1/Assumptions!$B$25)-1 -> 0

Sheet Notes
A1: How to use this template
A3: • This is a starting structure, not a finished transaction model. Replace the placeholder assumptions with deal facts before relying on any output.
A4: • Blue figures on a pale background are inputs. Everything else is a formula — overwrite a formula and the model stops reconciling.
A5: • Interest is calculated on opening balances to keep the workbook non-circular and auditable. Move to average balances only with an iteration switch.
A6: • The cash sweep applies after mandatory amortisation and is capped at the senior balance outstanding.
A7: • Covenant testing, tranche-level PIK mechanics, management incentive schemes and a full three-statement build are deliberately out of scope here.
A8: Volaxi builds transaction-ready LBO models against credit agreement definitions — thevolaxi.com
